[Event "Uppsala GM June 2022"]
[Site "Uppsala"]
[Date "2022.06.16"]
[Round "5.1"]
[White "Nilsson, Joakim"]
[Black "Roshka, Yevgeniy"]
[Result "0-1"]
[ECO "A41"]
[WhiteElo "2237"]
[BlackElo "2468"]
[Annotator "TA"]
[PlyCount "80"]
[EventDate "2022.06.09"]
[EventType "tourn"]
[EventCountry "SWE"]
[SourceTitle "playchess.com"]
[Source "ChessBase"]
[SourceQuality "1"]
[TimeControl "5400+30"]

1. d4 d6 2. c4 e5 3. dxe5 dxe5 4. Qxd8+ Kxd8 5. Nc3 c6 6. Nf3 f6 7. e3 Be6 8. Be2 Nd7 9. O-O Nh6 10. Rd1 Kc7 11. Bd2 {[%emt 0:01:14] A41: 1 d4 d6: Tartakower System and Modern Defence.} (11. Ne1 {is interesting.} Rd8 12. b3 Bf5 13. Bb2) 11... a5 12. Rac1 Nc5 13. Be1 {[%emt 0:01:25] The position is equal.} Be7 14. Nd2 {[%emt 0:07:20] [#]} Bf5 $146 ({Predecessor:} 14... Rhd8 15. Nb3 Rxd1 16. Rxd1 Nxb3 17. axb3 Bb4 18. Kf1 b6 19. Bf3 Bf5 20. Nb5+ Kb7 21. Bxb4 axb4 22. Nd6+ Kc7 23. Nb5+ Kb7 {½-½ (23) Fischoeder,H (1989)-Ribbeheger,E (1978) Herne 2011}) 15. Nb3 Nxb3 16. axb3 Rhd8 17. Rxd8 Rxd8 18. Na2 Ra8 19. b4 axb4 20. Nxb4 Nf7 21. Nd3 Ra2 22. Bc3 Ng5 23. f3 e4 24. Nf4 exf3 25. gxf3 Bd6 26. Kf2 Bxf4 27. exf4 Ne6 28. Kg3 Nc5 29. Re1 Na4 30. Bd4 (30. Bb4 $1 $15) 30... c5 $19 ({Inferior is} 30... Nxb2 31. Bf1 $17) 31. Bf2 (31. Bc3 $142) 31... Rxb2 32. Bd1 {[%emt 0:09:22] [#]} (32. Ra1 $142 Rxe2 33. Rxa4) 32... Nc3 $1 33. Bxc5 {[%emt 0:00:15] [#]} Rb1 $1 34. Bd4 Nxd1 35. Re7+ Kd6 36. Rxg7 Nc3 {[%emt 0:04:02] And now ...Ne2+ would win.} 37. Kf2 {[%emt 0:01:51] Against Ne2} ({Of course not} 37. c5+ Ke6 38. Kg2 Ne2 $19) (37. Bxf6 Ne2+ 38. Kh4) 37... Rb2+ {[%emt 0:00:21] Black is clearly winning.} 38. Ke1 Re2+ 39. Kf1 Bh3+ 40. Kg1 Nd1 {[%emt 0:00:03] Weighted Error Value: White=0.36/Black=0.03 (flawless)} 0-1

[Event "Uppsala GM June 2022"]
[Site "Uppsala"]
[Date "2022.06.16"]
[Round "5.2"]
[White "Von Bahr, Oskar"]
[Black "Ernst, Thomas"]
[Result "1-0"]
[ECO "B76"]
[WhiteElo "2373"]
[BlackElo "2300"]
[Annotator "TA"]
[PlyCount "95"]
[EventDate "2022.06.09"]
[EventType "tourn"]
[EventCountry "SWE"]
[SourceTitle "playchess.com"]
[Source "ChessBase"]
[SourceQuality "1"]
[TimeControl "5400+30"]

1. e4 c5 2. Nf3 d6 3. d4 cxd4 4. Nxd4 Nf6 5. Nc3 g6 6. Be3 Bg7 7. f3 Nc6 8. Qd2 O-O 9. O-O-O d5 10. exd5 Nxd5 11. Nxc6 bxc6 12. Bd4 e5 13. Bc5 Be6 14. Ne4 Re8 15. h4 h6 16. h5 {[%emt 0:00:47] hxg6 is the strong threat. B76: Sicilian Dragon: Yugoslav Attack, 9 g4 and 9 0-0-0.} g5 17. g4 Qc7 18. Bc4 {[%emt 0:03:15] White is slightly better.} Red8 19. Qf2 f5 20. gxf5 Bxf5 21. Rd2 {[%emt 0:05:18] White is much more active. The black rooks are badly placed.} Kh8 22. Rhd1 {[%emt 0:01:05] [#]} Be6 $146 ({Predecessor:} 22... Rd7 23. b4 Rad8 24. Bb3 g4 25. a4 a6 26. a5 Qb8 27. Kb2 Qc8 28. c3 Bh7 {1-0 (37) Zeghachov,D (2298)-Pommrich,R (2139) ICCF email 2019}) 23. Bb3 Bg8 24. Kb1 Bf7 (24... Bh7 $16) 25. Qh2 (25. c4 $18 Nf4 26. Bd6) 25... Kg8 (25... Bg8 $16) 26. Ka1 Rd7 $2 (26... Nf4 $16 {is a better defense.}) 27. Bd6 Rxd6 $18 28. Nxd6 Qxd6 29. c4 Rc8 30. Rd3 {[%emt 0:08:58][%mdl 64] Pin} (30. cxd5 cxd5 31. Qe2 (31. Rxd5 Bxd5 32. Kb1 Kh8 $14) 31... Kh8 $16) 30... Qf6 31. cxd5 cxd5 32. Qe2 (32. Bxd5 $16 Bxd5 33. Rxd5) 32... e4 $1 $36 {[%emt 0:12:50][%mdl 2048] Black has the initiative.} 33. fxe4 Bxh5 $1 {[%emt 0:00:08] A strong pair of Bishops.} 34. Qg2 Bxd1 35. Rxd1 Kh8 36. exd5 a5 (36... Qd6 $11) 37. a4 $1 $14 Qd6 38. Ka2 {[%emt 0:01:17] Against Qa3+. Hoping for Re1.} Rb8 {[%emt 0:01:01][%cal Ob8b3] aiming for ...Rxb3!} 39. Rd3 (39. Qh3 $16) 39... Bf6 {[%emt 0:00:59] [#]} (39... Be5 $11) 40. Qd2 (40. Re3 $1 $16) 40... Rb4 $11 41. Re3 {[%emt 0:02:15] Threatens to win with Re6.} Kg7 42. Re6 Qb8 {[%emt 0:01:58][%mdl 8192] [#]} (42... Qf4 $11 {and Black stays safe.} 43. Qc2 h5) 43. Qf2 $1 $18 ({Weaker is} 43. Qc2 Rb6 $16) 43... Rf4 (43... Qf4 $142 44. Qa7+ Kg6 45. Bc2+ Kh5 46. Qf7+ Kh4 47. Qxf6 (47. Rxf6 Qc4+ 48. Kb1 Qc3 $11) 47... Rxa4+ 48. Kb1 (48. Bxa4 Qxa4+ 49. Kb1 Qd1+ 50. Ka2 Qa4+ 51. Kb1 Qd1+ 52. Ka2 Qa4+ $11) 48... Qxf6 49. Rxf6 Rd4 50. Rxh6+ Kg3) 44. Qc2 {[%emt 0:03:01] Black must now prevent d6.} Qa7 45. d6 {[%emt 0:02:25] White threatens Qc7+ and mate.} Qf2 46. Re2 {[%emt 0:01:47] White mates.} Qd4 47. Re8 Qxd6 48. Rg8# {[%emt 0:11:08] Weighted Error Value: White=0.20 (precise) /Black=0.59} 1-0

[Event "Uppsala GM June 2022"]
[Site "Uppsala"]
[Date "2022.06.16"]
[Round "5.3"]
[White "Chatalbashev, Boris"]
[Black "Falkevall, Axel"]
[Result "1-0"]
[ECO "A39"]
[WhiteElo "2536"]
[BlackElo "2290"]
[Annotator "TA"]
[PlyCount "107"]
[EventDate "2022.06.09"]
[EventType "tourn"]
[EventCountry "SWE"]
[SourceTitle "playchess.com"]
[Source "ChessBase"]
[SourceQuality "1"]
[TimeControl "5400+30"]

1. c4 c5 2. Nf3 Nc6 3. d4 cxd4 4. Nxd4 Nf6 5. g3 g6 6. Bg2 Bg7 7. Nc3 O-O 8. O-O Nxd4 9. Qxd4 d6 10. Qd3 Qa5 11. h3 Bf5 {[%emt 0:04:58] A39: Symmetrical English vs ...g6: 4 Bg2 Bg7 5 Nf3 Nf6 6 0-0 0-0 7 d4.} 12. e4 Be6 13. Bd2 $1 {[%emt 0:00:14] [#]} Nd7 $146 {[%emt 0:04:40] White is slightly better.} ({Predecessor:} 13... Qh5 14. g4 Qc5 15. b3 h5 16. g5 Nd7 17. Rac1 Ne5 18. Qe2 Nc6 19. Be3 Bd4 {1-0 (62) Yanchenko,R (2467)-Pandey,S (2026) Chess.com INT 2020}) 14. b3 Ne5 15. Qc2 Nc6 16. Nd5 Qd8 17. Rad1 Rc8 18. Be3 Re8 (18... b5 $14) 19. f4 {[%emt 0:02:24] White is more active.} Qa5 20. Qf2 Bxd5 21. exd5 (21. cxd5 $6 Nb4 $11) 21... Nb4 22. a4 (22. Bxa7 $6 Qxa2 23. Qxa2 Nxa2 $11) 22... Na6 23. f5 Qc3 24. fxg6 (24. Bxa7 Qxb3 25. Rde1 (25. fxg6 fxg6 26. Rde1 Rf8 $11) 25... g5 $11) 24... fxg6 25. Bd4 (25. Bxa7 Qxb3 26. Rb1 Qxc4 $14) 25... Bxd4 26. Rxd4 Rf8 27. Rf4 Rxf4 28. Qxf4 $40 {[%emt 0:00:05][%mdl 128] White goes for the king.} Qg7 {[%emt 0:01:39] Prevents Qf7+.} 29. Qe3 {[%emt 0:00:44] Threatening mate with Qe6+.} Rf8 30. Rxf8+ (30. Qxa7 $6 Rxf1+ 31. Bxf1 Nc5 $11) ({Better is} 30. Qe6+ $16 Kh8 31. Re1) 30... Qxf8 (30... Kxf8 $11 {keeps the balance.} 31. Qxa7 Qc3) 31. Qxa7 $16 {[%emt 0:01:39][%mdl 4096] Endgame KQB-KQN} Qc8 (31... Qf6 $16) 32. Kh2 (32. a5 $1 $18) 32... Nc5 33. Qb6 Kf7 34. a5 Qf5 (34... Nd7 $16 {was necessary.} 35. Qa7 (35. Qe3 Ke8 $16) 35... Ke8) 35. b4 $18 Nd3 36. b5 $2 (36. Qxb7 Ne1 37. Kg1 Qc2 $11) (36. Qd4 $16 {Strongly threatening c5.} Nxb4 37. Qb2) 36... Ne5 $2 (36... Nc5 $11) 37. a6 (37. Qxb7 Qc2 38. Kg1 Qb1+ 39. Kh2 Qc2 $11) 37... bxa6 (37... Qc2 38. Qe3 bxa6 39. bxa6) 38. bxa6 {[%emt 0:00:11][%cal Bb5a6,Ba6a7][%mdl 32] Black must now prevent Qg1.} Qc2 {[%emt 0:02:40] ( -> ...Nf3+)} 39. Qe3 {[%emt 0:00:34][%cal Oc4c5] Against Nf3+. Threatens to win with c5!} Qa2 40. a7 $1 Ke8 (40... Kf8 $16 {is a better defense.} 41. Kh1 Qa1+ 42. Qg1 Qa5 43. Qf2+ Ke8) 41. g4 (41. Kh1 $1 $18) 41... Qa5 42. Qf2 Nd7 (42... Kd7 $16) 43. Qd4 Ne5 44. g5 Kd8 (44... Qa6 {was worth a try.} 45. Kg1 Qa5) 45. Qf2 {[%emt 0:00:51] Intending Qf8+ and mate.} Kc7 {[%emt 0:01:13] [#]} (45... Ke8 $142 46. Bf1 Nf7) 46. c5 $1 {[%emt 0:00:26][%cal Bc4c5,Bc5c6][%mdl 32] Hoping for Qf8.} (46. Qf8 Qxa7 47. Qxe7+ Nd7 $14) 46... Nd7 {[%emt 0:01:01] Inhibits Qf8.} 47. c6 Nb6 {[%emt 0:00:27] [#]} 48. Qf7 $1 {[%emt 0:00:17][%csl LRe7,LRh7] The board is on fire.} ({Less strong is} 48. Qf8 Nc8 49. Qg7 (49. Qe8 Qxa7 50. h4 Kb8 $16) 49... Qxa7 $16) 48... Nc8 (48... Qe1 49. Qg7 (49. Qxh7 Qe5+ 50. Kh1 Qe1+ 51. Kh2 Qe5+ 52. Kh1 Qe1+ 53. Kh2 $11) 49... Qe3) 49. Qxh7 {[%emt 0:00:14] White is clearly winning.} Qxa7 50. Qxg6 Qf2 51. Qe4 Kd8 52. g6 {[%emt 0:00:46] White wants to mate with g7.} Qf6 53. Qg4 Qe5+ 54. Qg3 {[%emt 0:00:04] Weighted Error Value: White=0.13 (very precise) /Black=0.35} 1-0

[Event "Uppsala GM June 2022"]
[Site "Uppsala"]
[Date "2022.06.16"]
[Round "5.4"]
[White "Sorensen, Hampus"]
[Black "Peng, Li Min"]
[Result "1/2-1/2"]
[ECO "D20"]
[WhiteElo "2372"]
[BlackElo "2506"]
[Annotator "TA"]
[PlyCount "89"]
[EventDate "2022.06.09"]
[EventType "tourn"]
[EventCountry "SWE"]
[SourceTitle "playchess.com"]
[Source "ChessBase"]
[SourceQuality "1"]
[TimeControl "5400+30"]

1. d4 d5 2. c4 dxc4 3. e4 e5 4. Nf3 Bb4+ 5. Nc3 Nf6 6. Nxe5 {[%emt 0:03:12] D20: Queen's Gambit Accepted: 3 e3 and 3 e4.} b5 {[%emt 0:00:13] Inhibits Qa4.} 7. f3 O-O 8. a4 {[%emt 0:03:22] White is slightly better.} c5 {[%emt 0:04:22] [#]} 9. dxc5 $146 (9. axb5 cxd4 10. Ra4 (10. Bxc4 $2 dxc3 11. Ke2 Qe7 $19) 10... dxc3 $17) (9. Be3 $5 ) ({Predecessor:} 9. Be3 cxd4 10. Qxd4 Qe7 11. axb5 Rd8 12. Qxc4 Be6 13. Qe2 Qc7 14. Nc6 Nxc6 15. bxc6 Qxc6 {½-½ (58) Pranav,A (2436)-Praggnanandhaa,R (2619) Cattolica 2022}) 9... Qa5 10. Bf4 Bxc3+ 11. bxc3 Qxc3+ 12. Kf2 Nh5 13. g3 Nxf4 14. gxf4 Nd7 $1 15. Nc6 Nxc5 16. axb5 Qb2+ 17. Kg3 Qxb5 18. Ne7+ Kh8 19. Rb1 $1 Qa5 {[%emt 0:04:01] [#] And now ...Be6 would win.} 20. Bxc4 Qc7 (20... Nxe4+ 21. fxe4 Qa3+ 22. Qf3 Qxe7 23. Bd5 $16) 21. Bd5 Qxe7 22. Bxa8 Qe6 (22... Qf6 $2 23. Qd5 (23. f5 Ba6 $17) 23... Ne6 24. Qf5 $16) 23. Bd5 Qh3+ (23... Qh6 $2 24. Qd4 Nd7 25. h4 $18 (25. Qxa7 Nf6 $16)) 24. Kf2 f5 25. e5 Ba6 $1 {[%emt 0:00:07] [#] aiming for ...Nd3+.} 26. Ke3 Qh4 $1 27. Qe1 Qd8 {[%emt 0:00:12] White must now prevent ...Nd3.} 28. Qd2 g5 $1 {[%emt 0:01:15] Strongly threatening ...gxf4+.} 29. Rhd1 gxf4+ 30. Kd4 $1 {[%emt 0:00:00] Active counter play!} ({Wrong is} 30. Kf2 $2 Nd3+ 31. Qxd3 Bxd3 32. Rxd3 Qe7 $19) 30... Re8 {[%emt 0:08:17] Threatens to win with ...Na4.} 31. Kxc5 {[%emt 0:00:00] Dancing on a razor blade.} Qe7+ 32. Kd4 Qxe5+ 33. Kc5 Be2 {[%emt 0:08:47] Hoping for ...Qe7+.} 34. Qd4 {[%emt 0:00:00] Qxe5+ is the strong threat.} (34. Kb4 $5 Rd8 35. Rbc1 (35. Qd4 Qxd4+ 36. Rxd4 Rb8+ 37. Kc3 Rxb1 $11) 35... Rb8+ 36. Ka4 Bxf3 37. Qd4 Bxd1+ 38. Rxd1 Qxd4+ 39. Rxd4 $16) 34... Rc8+ {[%emt 0:00:00] The position is equal.} 35. Kb4 Qxd4+ 36. Rxd4 Rb8+ 37. Kc3 Rxb1 38. Rxf4 $11 {[%emt 0:00:00][%mdl 4096] Endgame KRB-KRB} Rh1 39. Rxf5 Rxh2 40. Rf8+ Kg7 41. Rf7+ Kg6 42. Rxa7 Bxf3 43. Bxf3 Rh3 44. Kd2 Rxf3 45. Ke2 {[%emt 0:00:00] Weighted Error Value: White=0.04 (flawless) /Black=0.02 (flawless)} 1/2-1/2

[Event "Uppsala GM June 2022"]
[Site "Uppsala"]
[Date "2022.06.16"]
[Round "5.5"]
[White "Trost, Edvin"]
[Black "Larkin, Vladyslav"]
[Result "0-1"]
[ECO "A21"]
[WhiteElo "2366"]
[BlackElo "2430"]
[Annotator "TA"]
[PlyCount "60"]
[EventDate "2022.06.09"]
[EventType "tourn"]
[EventCountry "SWE"]
[SourceTitle "playchess.com"]
[Source "ChessBase"]
[SourceQuality "1"]
[TimeControl "5400+30"]

1. d4 d6 2. c4 e5 3. Nc3 exd4 4. Qxd4 Nc6 5. Qd2 g6 6. b3 {[%emt 0:03:54] A21: English Opening: 1...e5 2 Nc3.} Bh6 7. e3 Nf6 8. Bb2 {[%emt 0:00:30] White has an edge.} O-O 9. Be2 Bg7 10. Nf3 {[%emt 0:00:24] [#]} Re8 $146 ({Predecessor:} 10... b6 11. Nd5 Be6 12. O-O a5 13. a3 Ra7 14. Rfd1 Re8 15. Rac1 Bg4 16. h3 Bd7 {½-½ (34) Bilobrk,F (2369)-Sulskis,S (2521) Zadar 1999}) 11. Rd1 Bf5 12. O-O Ne4 13. Qc1 Qf6 14. Nd4 (14. Na4 $5 Qd8 15. Bxg7 Kxg7 16. Nd4 $11) 14... Nxd4 15. Rxd4 Nxc3 16. Bxc3 Qe7 17. Rd2 Be4 18. Bd3 Bc6 19. e4 Bh6 ({But not} 19... Bxe4 20. Re2 $16) 20. f4 Bxe4 21. Re2 d5 22. Rfe1 c6 23. Bxe4 dxe4 24. Rxe4 Qxe4 25. Rxe4 Rxe4 26. g3 Rae8 27. Qd1 {[%emt 0:03:12] This costs White the game.} (27. Qd2 $17) 27... Bg7 $19 28. Qc1 (28. Be5 Bxe5 29. fxe5) 28... Re2 {[%emt 0:01:12] [#] Strongly threatening ...Bxc3.} 29. a3 (29. Be5 $142) 29... Bd4+ 30. Kh1 (30. Bxd4 $142 Re1+ 31. Qxe1 Rxe1+ 32. Kg2) 30... Bf2 {[%emt 0:00:09] Weighted Error Value: White=0.50/Black=0.10 (very precise)} 0-1